 Dungeon Crawl Stone Soup version 0.31.0-11-ge490571c62 (webtiles) character file.

Game seed: 2554803382111195359

203 sanka the Ruffian (level 5, 53/53 HPs)
             Began as a Troll Monk on Feb 1, 2024.
             Was a Priest of Nemelex Xobeh.
             Quit the game on level 3 of the Dungeon.
             The game lasted 00:02:09 (1300 turns).

sanka the Ruffian (Troll Monk)                      Turns: 1300, Time: 00:02:09

Health: 53/53      AC:  4    Str: 19    XL:     5   Next: 51%
Magic:  5/5        EV: 10    Int:  6    God:    Nemelex Xobeh [***...]
Gold:   131        SH:  0    Dex: 14    Spells: 4/4 levels left

rFire   + .          .
                       - Unarmed
rCold   . . .        c - orb {light}
rNeg    . . .        a - +0 robe
rPois   .            (helmet restricted)
rElec   .            (no cloak)
rCorr   .            (gloves unavailable)
SInv    .            (boots unavailable)
Will    .....        (no amulet)
Stlth   +            (no ring)
HPRegen 1.08/turn    j - ring of protection from fire
MPRegen 0.09/turn

%: no passive effects
@: glowing
A: large, unfitting armour, claws 3, regeneration 1, shaggy fur 1, tough skin 1
a: Renounce Religion, Draw Escape, Draw Destruction, Draw Summoning, Triple Draw


You were on level 3 of the Dungeon.
You worshipped Nemelex Xobeh.
Nemelex Xobeh was most pleased with you.
You visited 1 branch of the dungeon, and saw 3 of its levels.

You collected 131 gold pieces.


Innate Abilities, Weirdness & Mutations

You are too large for most types of armour.
You have claws for hands.
Your natural rate of healing is unusually fast.
You are covered in fur. (AC +1)
You have tough skin. (AC +1)


   Skills:
 - Level 3.0 Fighting
 - Level 2.4 Dodging
 * Level 5.5 Unarmed Combat
 + Level 1.6 Invocations


You had 4 spell levels left.
You didn't know any spells.
Your spell library contained the following spells:

 Spells                   Type           Power      Damage    Failure   Level
 Freeze                   Ice            0%         1d3       45%         1
 Frozen Ramparts          Ice            0%         1d1       83%         3
 Hailstorm                Conj/Ice       0%         3d5       83%         3
 Inner Flame              Hex/Fire       0%         N/A       83%         3
 Flame Wave               Conj/Fire      0%         2d4       99%         4
 Sticky Flame             Fire/Alch      0%         2d4       99%         4

Inventory:

Armour
 a - a +0 robe (worn)
 c - an orb of light (worn)
Jewellery
 j - a ring of protection from fire (right claw)
 m - an amulet of reflection
Scrolls
 d - a scroll of revelation {unknown}
 e - a scroll of vulnerability {unknown}
 h - 2 scrolls of identify {unknown}
 k - a scroll of enchant weapon {unknown}
 l - 3 scrolls of blinking {unknown}
 o - a scroll of teleportation {unknown}
Potions
 b - a potion of ambrosia
 f - a potion of haste {unknown}
 g - a potion of resistance {unknown}
 i - a potion of attraction {unknown}
 n - a potion of lignification {unknown}

Dungeon Overview and Level Annotations

Branches:
Dungeon (3/15)

Altars:
Nemelex Xobeh

Shops:
D:2

: ▒▒ ▒. ▒. ▒. ▒▒▒▒' ▒
▒▒▒▒▒▒ ▒....
....▒▒▒▒▒▒▒▒▒....▒▒▒....
.......T..).'...........
...........▒▒...........
...........▒▒...▒....... ..
.+ ...........++...+.......
.....
.▒▒.▒▒▒.......▒▒...▒...▒▒.▒
....▒▒....▒
▒........▒...▒...▒▒'▒
....▒▒....▒
▒▒▒▒▒▒...▒...▒▒▒▒▒...
....▒▒....▒▒▒ ▒...▒...▒
▒▒▒... ....▒▒......▒ ▒▒▒▒
▒.....


There were no monsters in sight!


Message History

HP restored.
You pick up a book of Flames and begin reading...
You add the spells Inner Flame, Sticky Flame and Flame Wave to your library.
Found a scroll labelled BAXEGU XUPNYLU.
h - 2 scrolls labelled BAXEGU XUPNYLU (gained 1) Nemelex Xobeh deals you some cards!
You now have 5 escape cards, 12 destruction cards and 3 summoning cards.
As you open the door, it creaks loudly!
There is an open door here.
You open the door.
There is an open door here.
A goblin comes into view. It is wielding a +0 dagger.
The goblin shouts!
A kobold comes into view. It is wielding a +1 whip of distortion.
Unknown command.
Unknown command.
Unknown command.
There is an open door here.
There is an open door here.
The goblin barely misses you.
You scratch the goblin.
The goblin is severely wounded.
The goblin hits you but does no damage.
You scratch the goblin.
You kill the goblin!
You see here a +0 dagger.
Unknown command.
Unknown command.
Unknown command.
Are you sure you want to abandon this character and quit the game? (Confirm with "yes".)

Action                     |  1- 3 |  4- 6 || total
---------------------------+-------+-------++-------
  Melee: Unarmed           |    73 |    59 ||   132
 Armour: Robe              |    54 |    32 ||    86
  Dodge: Dodged            |    33 |    22 ||    55

Levels and vault maps discovered:
D:1:      zaba_arrival_water, layout_basic, hangedman_abyss_or_decor_lesser_grid
D:2:      layout_rooms, serial_shops, shop, chequers_ecumenical_altar_simple
D:3:      layout_basic, grunt_dithmenos_smoke

Notes
Turn   | Place    | Note
-------+----------+-------------------------------------------
     0 | D:1      | sanka the Troll Monk began the quest for the Orb.
     0 | D:1      | Reached XP level 1. HP: 22/22 MP: 0/0
    86 | D:1      | Reached XP level 2. HP: 28/29 MP: 1/1
   300 | D:1      | Reached skill level 3 in Fighting
   305 | D:1      | Reached XP level 3. HP: 34/37 MP: 2/2
   509 | D:2      | Reached skill level 4 in Unarmed Combat
   555 | D:2      | Found Favvucip's Book Emporium.
   584 | D:2      | Reached XP level 4. HP: 40/45 MP: 3/3
   785 | D:2      | Found a faded altar of an unknown god.
   793 | D:2      | Prayed at the altar of an unknown god.
   793 | D:2      | Became a worshipper of Nemelex Xobeh the Trickster
   793 | D:2      | Reached * piety under Nemelex Xobeh
   793 | D:2      | Received a gift from Nemelex Xobeh
   793 | D:2      | Reached ** piety under Nemelex Xobeh
   992 | D:3      | Reached *** piety under Nemelex Xobeh
  1024 | D:3      | Reached skill level 5 in Unarmed Combat
  1075 | D:3      | Reached skill level 1 in Invocations
  1093 | D:3      | Reached XP level 5. HP: 52/53 MP: 4/4
  1260 | D:3      | Received a gift from Nemelex Xobeh
  1300 | D:3      | Quit the game

Vanquished Creatures
  3 orc wizards (D:3)
  5 adders
  A dart slug (D:1)
  2 ribbon worms
  7 orcs (D:3)
  A ball python (D:1)
  6 bats
  9 endoplasms
  4 giant cockroaches (D:1)
  7 goblins
  8 hobgoblins
  2 jackals (D:1)
  A kobold (D:1)
  3 quokkas
  2 frilled lizards
  2 rats (D:1)
63 creatures vanquished.
